 Dungeon Crawl Stone Soup version 0.32-a0-643-ga006e7742e (webtiles) character file.

Game seed: 5235242649436956327

56102 Dittersdorf the Warrior (level 14, -8/98 HPs)
             Began as a Gargoyle Fighter on Mar 6, 2024.
             Was an Initiate of Gozag.
             Killed by divine providence
             ... invoked by a sphinx
             ... summoned by Kirke
              (13 damage)
             ... on level 4 of the Lair of Beasts on Mar 7, 2024.
             The game lasted 00:19:09 (15418 turns).

Dittersdorf the Warrior (Gargoyle Fighter)         Turns: 15418, Time: 00:19:10

Health: -8/98      AC:  0    Str: 25    XL:     14   Next: 80%
Magic:  14/14      EV: 13    Int:  9    God:    Gozag
Gold:   2723       SH:  0    Dex:  9    Spells: 13/13 levels left

rFire   . . .        n - melded +1 flail (holy)
rCold   . . .        r - melded +4 tower shield
rNeg    + . .        t - melded +2 scale mail of the Curious Allies {rF+ rN+}
rPois   ∞            A - melded +3 helmet of Hubris {Rampage rElec Int+4 Stlth+}
rElec   .            v - melded +0 cloak
rCorr   .            E - melded +0 pair of gloves
SInv    .            e - melded +0 pair of boots
Will    +....        i - amulet of regeneration
Stlth   +            m - melded +6 ring of dexterity
HPRegen 1.16/turn    a - melded ring of protection from cold
MPRegen 0.14/turn

%: no passive effects
@: pig-form, gold aura, slowed
A: fast, no casting, sickness immunity, AC +10, small, (big wings), negative
energy resistance 1, (electricity resistance), torment resistance 1,
petrification resistance
a: Renounce Religion, Potion Petition, Call Merchant, Bribe Branch


You were on level 4 of the Lair of Beasts.
You worshipped Gozag.
Gozag was most pleased with you.
You were a filthy swine.
You visited 3 branches of the dungeon, and saw 15 of its levels.
You also visited: Volcano.

You collected 3516 gold pieces.
You spent 744 gold pieces at shops.
You paid 49 gold pieces to Gozag.

Inventory:

Hand Weapons
 n - a +1 flail of holy wrath (melded)
Missiles
 c - 2 throwing nets
Armour
 e - a +0 pair of boots (melded)
 r - a +4 tower shield (melded)
 t - the +2 scale mail of the Curious Allies (melded) {rF+ rN+}
   (You bought it in a shop on level 8 of the Dungeon)

   rF+:       It protects you from fire.
   rN+:       It protects you from negative energy.
 v - a +0 cloak (melded)
 A - the +3 helmet of Hubris (melded) {Rampage rElec Int+4 Stlth+}
   (You acquired it on level 10 of the Dungeon)

   Int+4:     It affects your intelligence (+4).
   rElec:     It insulates you from electricity.
   Rampage:   It bestows one free step when moving towards enemies.
   Stlth+:    It makes you more stealthy.
 E - a +0 pair of gloves (melded)
Jewellery
 a - a ring of protection from cold (melded)
 i - an amulet of regeneration (around neck)
 m - a +6 ring of dexterity (melded)
 y - a ring of see invisible
Wands
 h - a wand of flame (36)
 q - a wand of paralysis (9) (quivered)
Scrolls
 j - 2 scrolls of revelation
 k - a scroll of teleportation
 w - a scroll of fog
 x - 2 scrolls of identify
 z - a scroll of blinking
 B - a scroll of fear
 C - a scroll of torment
Potions
 b - 2 potions of magic
 d - 2 potions of might
 f - 5 potions of curing
 g - 7 potions of heal wounds
 l - 4 potions of enlightenment
 o - 3 potions of haste
 p - a potion of ambrosia
 s - a potion of berserk rage
 u - 5 potions of mutation
 D - a potion of invisibility {unknown}


   Skills:
 + Level 15.2 Fighting
 + Level 12.2 Maces & Flails
 + Level 13.3 Armour
 + Level 13.5 Shields


You had 13 spell levels left.
You didn't know any spells.
Your spell library contained the following spells:

 Spells                   Type           Power      Damage    Failure   Level
 Apportation              Tloc           0%         N/A       38%         1
 Foxfire                  Conj/Fire      0%         2x1d4     38%         1
 Magic Dart               Conj           0%         1d3       38%         1
 Sandblast                Erth           0%         2d4       38%         1
 Shock                    Conj/Air       0%         1d3       38%         1
 Blink                    Tloc           0%         N/A       52%         2
 Call Imp                 Summ           0%         N/A       52%         2
 Jinxbite                 Hex            0%         N/A       52%         2
 Lesser Beckoning         Tloc           0%         N/A       52%         2
 Momentum Strike          Conj/Tloc      0%         3d8       52%         2
 Gell's Gravitas          Tloc           0%         N/A       77%         3
 Passwall                 Erth           0%         N/A       77%         3
 Stone Arrow              Conj/Erth      0%         3d7       77%         3
 Swiftness                Air            0%         N/A       77%         3
 Teleport Other           Tloc           0%         N/A       77%         3
 Airstrike                Air            0%         2d(0-16)  99%         4
 Brom's Barrelling Bould  Conj/Erth      0%         2d3       99%         4
 Olgreb's Toxic Radiance  Alch           0%         N/A       99%         4
 Alistair's Intoxication  Alch           0%         N/A       100%        5
 Borgnjor's Vile Clutch   Necr/Erth      0%         N/A       100%        5
 Summon Forest            Summ/Tloc      0%         N/A       100%        5
 Summon Mana Viper        Hex/Summ       0%         N/A       100%        5
 Death Channel            Necr           0%         N/A       100%        6
 Dispersal                Tloc           0%         N/A       100%        6
 Plasma Beam              Fire/Air       0%         2x1d10    100%        6
 Starburst                Conj/Fire      0%         6d3       100%        6
 Summon Cactus Giant      Summ           0%         N/A       100%        6
 Ozocubu's Refrigeration  Ice            0%         4d7       100%        7
 Discord                  Hex            0%         N/A       100%        8
 Animate Dead             Necr           Unusable   N/A       N/A         4

Dungeon Overview and Level Annotations

Branches:
Dungeon (10/15)            Temple (1/1) D:5            Lair (4/5) D:10
 Shoals (0/4) Lair:3        Snake (0/4) Lair:3      Volcano (visited)
  Slime: Lair:4-5       Orc: D:9-12

Altars:
Ashenzari
Cheibriados
Dithmenos
Elyvilon
Fedhas
Gozag
Hepliaklqana
Kikubaaqudgha
Makhleb
Nemelex Xobeh
Okawaru
Qazlal
Ru
Sif Muna
Trog
Uskayaw
Vehumet
Wu Jian
Xom
Yredelemnul
Zin
The Shining One

Shops:
D:8 [**!!

Annotations:
Lair:4 Kirke


Innate Abilities, Weirdness & Mutations

You are a filthy swine.
You move quickly.
Your equipment is almost entirely melded.
You are incapable of wielding weapons or throwing items.
You cannot cast spells.
You are immune to sickness and miasma.
((Your stone body is resilient. (AC +10)))
You are immune to poison.
((Your large and strong wings let you fly.))
You resist negative energy. (rN+)
((You are resistant to electric shocks. (rElec)))
You are resistant to unholy torment.
You are immune to petrification.


Message History

You block the water moccasin's attack. You block the hog's attack. x2
You block the water moccasin's attack. Kirke casts a spell at you.
You turn into a filthy swine.
Your +1 flail of holy wrath melds into your body.
Your +0 cloak melds into your body.
The +3 helmet of Hubris {Rampage rElec Int+4 Stlth+} melds into your body.
Your +0 pair of gloves melds into your body.
Your +0 pair of boots melds into your body.
Your +4 tower shield melds into your body.
The +2 scale mail of the Curious Allies {rF+ rN+} melds into your body.
Your +6 ring of dexterity melds into your body.
Your ring of protection from cold melds into your body.
Your +1 flail of holy wrath stops glowing.
You feel clumsy. The hell rat bites you.
* * * LOW HITPOINT WARNING * * *
The water moccasin bites you.
* * * LOW HITPOINT WARNING * * *
The hog is distracted by your dazzling golden aura.
The hog bites you.
* * * LOW HITPOINT WARNING * * *
The hog squeals angrily.
You barely miss the hog.
The hog is moderately wounded.
The water moccasin is no longer distracted by gold.
The lindwurm disappears in a puff of smoke!
The hell rat is no longer distracted by gold.
The water moccasin misses you. The hell rat bites you.
* * * LOW HITPOINT WARNING * * *
The water moccasin is distracted by your dazzling golden aura.
Kirke hits you.
* * * LOW HITPOINT WARNING * * *
The water moccasin bites you.
* * * LOW HITPOINT WARNING * * *
The hog closely misses you.
The sphinx casts a spell.
Something smites you!
You die...
Your body crumbles into a pile of gold.

##..........#
##..........
#P..........#
#...........
##.........##
**#..........
#..........#
*............
##..........#
*##..........
#.........Hr#
#..........
##......HShh#
###.P#.....
###.##..hS@#
########....
####.hrh#####.###
#.....
##..Sh#.....#.###.....
#...........##.##.....
##............[.......
#....................
##....................
#.....##.#............
##....#####...........
#.!...## #...........


You could see Kirke, a sphinx (summoned), a manticore (summoned), 5 hogs, 3
water moccasins and 2 hell rats.

Vanquished Creatures
  Nessos (Lair:4)
  A hydra (Lair:3)
  A catoblepas (Lair:3)
  A sun demon (Volcano)
  Amaemon (Lair:1)
  A skyshark (Lair:4)
  A hell knight (Volcano)
  2 ugly things (Volcano)
  A lindwurm (Lair:3)
  18 elephants (Lair:4)
  6 black mambas
  An orange demon (Lair:1)
  5 cane toads
  2 kobold demonologists (D:10)
  3 rime drakes
  8 komodo dragons
  A red devil (Volcano)
  A troll (D:10)
  3 polar bears
  A hornet (D:10)
  13 blink frogs (Lair:3)
  A snapping turtle (Lair:3)
  15 dream sheep (Lair:3)
  6 wyverns
  A water elemental (Lair:3)
  A hog (Lair:4)
  19 yaks
  4 basilisks
  3 steam dragons
  17 water moccasins
  Edmund (D:5)
  3 nagas (Lair:3)
  An acid dragon (D:10)
  A hell hound (Volcano)
  3 ice beasts
  5 orc warriors
  9 black bears
  2 ogres (D:6)
  A centaur (D:3)
  A wolf (Lair:3)
  2 kobold brigands (D:9)
  A phantom (D:5)
  18 bullfrogs
  2 gnoll sergeants
  3 scorpions
  15 wights
  8 killer bees
  5 electric eels
  A bombardier beetle (D:5)
  5 hounds
  6 gnoll boudas
  3 orc priests
  2 jellies
  A sleepcap (D:7)
  3 hell rats (Lair:4)
  5 iguanas
  9 orc wizards
  Robin (D:4)
  29 gnolls
  4 adders
  A shadow imp (D:8)
  4 white imps
  2 ufetubi (D:6)
  4 ribbon worms
  2 dart slugs (D:3)
  23 orcs
  4 endoplasms
  3 giant cockroaches
  7 hobgoblins
  7 jackals
  5 quokkas
  6 ball pythons
  4 bats
  3 frilled lizards
  15 goblins
  19 kobolds
  7 rats
405 creatures vanquished.

Vanquished Creatures (others)
  An orc wizard (D:5)
1 creature vanquished.

Grand Total: 406 creatures vanquished

Notes
Turn   | Place    | Note
-------+----------+-------------------------------------------
     0 | D:1      | Dittersdorf the Gargoyle Fighter began the quest for the
                  | Orb.
     0 | D:1      | Reached XP level 1. HP: 14/14 MP: 1/1
   439 | D:1      | Reached XP level 2. HP: 17/19 MP: 2/2
   953 | D:2      | Reached XP level 3. HP: 23/23 MP: 3/3
  1222 | D:2      | Found a shimmering altar of Xom.
  1395 | D:2      | Reached XP level 4. HP: 29/29 MP: 4/4
  1687 | D:3      | Noticed a scorpion
  1693 | D:3      | Killed a scorpion
  1694 | D:3      | Reached skill level 4 in Fighting
  1694 | D:3      | Reached XP level 5. HP: 33/33 MP: 3/5
  1786 | D:3      | You fall into a shaft and drop 2 floors!
  1786 | D:5      | Entered Level 5 of the Dungeon
  1850 | D:5      | Noticed a black bear
  1867 | D:5      | Killed a black bear
  1868 | D:5      | Reached XP level 6. HP: 19/39 MP: 3/6
  2159 | D:3      | Reached skill level 5 in Shields
  2606 | D:4      | Reached skill level 5 in Fighting
  2606 | D:4      | Reached skill level 5 in Armour
  2710 | D:3      | Reached XP level 7. HP: 20/44 MP: 5/7
  3798 | D:4      | Noticed Robin
  3831 | D:4      | Killed Robin
  4368 | D:5      | Found a radiant altar of Vehumet.
  4386 | D:5      | Reached XP level 8. HP: 51/51 MP: 8/8
  4630 | D:5      | Reached skill level 6 in Fighting
  4632 | D:5      | Reached skill level 5 in Maces & Flails
  4681 | D:5      | Noticed Edmund
  4694 | D:5      | Found a staircase to the Ecumenical Temple.
  4718 | D:5      | Killed Edmund
  4734 | D:5      | Found a snail-covered altar of Cheibriados.
  4835 | Temple   | Entered the Ecumenical Temple
  4845 | Temple   | Became a worshipper of Gozag Ym Sagoz the Greedy
  5105 | D:5      | Found a hazy altar of Hepliaklqana.
  5578 | D:6      | Reached XP level 9. HP: 56/56 MP: 9/9
  5611 | D:6      | Reached skill level 7 in Fighting
  7099 | D:7      | Reached skill level 8 in Fighting
  7208 | D:7      | Reached XP level 10. HP: 38/64 MP: 10/10
  7478 | D:8      | Found Coitefot's Distillery.
  7671 | D:8      | Found Guuhaqic's Assorted Antiques.
  7672 | D:8      | Found Zovas's Armour Shop.
  7684 | D:8      | Bought a +0 chain mail of cold resistance for 172 gold
                  | pieces
  7759 | D:8      | Found Huacueb's Assorted Antiques.
  7779 | D:8      | Bought a shimmering scale mail for 198 gold pieces
  7779 | D:8      | Identified the +2 scale mail of the Curious Allies {rF+
                  | rN+} (You bought it in a shop on level 8 of the Dungeon)
  7904 | D:8      | Found Zatir's Distillery.
  8019 | D:8      | Bought a potion of heal wounds for 70 gold pieces
  8019 | D:8      | Bought a potion of mutation for 112 gold pieces
  8078 | D:8      | Bought a potion of mutation for 192 gold pieces
  8667 | D:9      | Reached skill level 9 in Fighting
  9429 | D:10     | Entered Level 10 of the Dungeon
  9650 | D:10     | Reached XP level 11. HP: 71/72 MP: 11/11
  9710 | D:10     | Reached skill level 10 in Shields
  9716 | D:10     | Reached skill level 10 in Fighting
  9990 | D:10     | Reached skill level 10 in Armour
 10013 | D:10     | Found a staircase to the Lair.
 10180 | D:10     | Found a shimmering altar of Xom.
 10180 | D:10     | Found a shimmering altar of Xom.
 10183 | D:10     | Found a shimmering altar of Xom.
 10187 | D:10     | Found a shimmering altar of Xom.
 10187 | D:10     | Found a shimmering altar of Xom.
 10188 | D:10     | Found a shimmering altar of Xom.
 10663 | D:10     | Identified a scroll of acquirement
 10663 | D:10     | Acquired the +3 helmet of Hubris {Rampage rElec Int+4
                  | Stlth+}
 10768 | Lair:1   | Entered Level 1 of the Lair of Beasts
 11048 | Lair:1   | Noticed Amaemon
 11060 | Lair:1   | Killed Amaemon
 11788 | Lair:2   | Reached skill level 11 in Fighting
 11788 | Lair:2   | Reached XP level 12. HP: 65/80 MP: 12/12
 11924 | Lair:2   | Reached skill level 10 in Maces & Flails
 12875 | Lair:3   | Noticed a five-headed hydra
 12888 | Lair:3   | Killed a five-headed hydra
 13099 | Lair:3   | Found a staircase to the Snake Pit.
 13167 | Lair:3   | Noticed a catoblepas
 13226 | Lair:3   | Killed a catoblepas
 13268 | Lair:3   | Reached skill level 12 in Fighting
 13467 | Lair:3   | Reached XP level 13. HP: 86/86 MP: 13/13
 13632 | Lair:3   | Found a shimmering blue altar of Sif Muna.
 13810 | Lair:3   | Found a staircase to the Shoals.
 14291 | Lair:3   | Reached skill level 14 in Fighting
 14291 | Lair:3   | Gained mutation: Your large and strong wings let you fly.
                  | [Gargoyle growth]
 14291 | Lair:3   | Reached XP level 14. HP: 96/96 MP: 14/14
 14343 | Lair:4   | Upgraded the game from 0.32-a0-630-g46d191b0ed to
                  | 0.32-a0-643-ga006e7742e
 14352 | Lair:4   | Noticed Nessos
 14378 | Lair:4   | Killed Nessos
 14505 | Lair:4   | Found a dark tunnel.
 14510 | Volcano  | Entered a volcano
 14950 | Lair:4   | Reached skill level 15 in Fighting
 15362 | Lair:4   | Noticed Kirke
 15399 | Lair:4   | Noticed a sphinx
 15418 | Lair:4   | Killed from afar by a sphinx

Illustrated notes

Levels and vault maps discovered:
D:1:      dpeg_arrival_signposts, layout_basic
D:2:      layout_loops_ring, basic_altar
D:3:      layout_rooms, minivault_4, minmay_tree_intersection
D:4:      layout_gridville, uniq_robin
D:5:      layout_loops_ring, nicolae_hepliaklqana_hippocampus, slow_altar_1,
          vehumet_altar_wand_db, minmay_temple_entry_proselytizer, uniq_edmund
D:6:      layout_basic, chequers_hall_statues_wall_a
D:7:      layout_cave_pools
D:8:      layout_basic, serial_shops, shop, shop, shop_coins,
          nicolae_shop_stone, nicolae_shop_tiny_waterfront
D:9:      layout_roguey
D:10:     layout_stronghold, xom_shifter_show, due_lair_maze_entry_diamond
Temple:   nicolae_temple_bog_church
Lair:1:   layout_chaotic_city, gammafunk_lair_bear_cave, uniq_amaemon
Lair:2:   layout_small_grid, infiniplex_staircase_pool_2
Lair:3:   nzn_winding_woodlands_cross [nzn_winding_woodlands_5x15_zeroes,
          nzn_winding_woodlands_5x15_split_checker,
          nzn_winding_woodlands_5x15_pockets,
          nzn_winding_woodlands_5x15_sidewinder,
          nzn_winding_woodlands_15x15_eel_pit], layout_regular_city,
          minmay_shoals_entry_hut, nicolae_snake_entry_squirm, basic_altar
Lair:4:   layout_cellular_growth, enter_volcano_4, minivault_25,
          grunt_megastairs_3, uniq_kirke, uniq_nessos

Skill      XL: |  1  2  3  4  5  6  7  8  9 10 11 12 13 14 |
---------------+-------------------------------------------+-----
Shields        | 4 5 6 8 9 11 12 13 | 13.5
Fighting       | 4 5 6 8 9 11 12 14 15 | 15.2
Maces & Flails | 3 4 5 7 8 9 11 12 | 12.2
Armour         | 4 5 6 8 9 10 12 13 | 13.3

Action                     |  1- 3 |  4- 6 |  7- 9 | 10-12 | 13-15 || total
---------------------------+-------+-------+-------+-------+-------++-------
  Melee: Flail             |   103 |   141 |   576 |  1216 |   656 ||  2692
         Unarmed           |       |       |       |       |     1 ||     1
  Evoke: Wand              |       |       |     4 |     1 |     2 ||     7
    Use: Scroll            |       |     6 |    13 |     7 |     3 ||    29
         Potion            |       |       |       |       |     1 ||     1
   Stab: Paralysed         |       |       |     4 |     5 |     9 ||    18
         Distracted        |       |       |       |     5 |     4 ||     9
         Petrified         |       |       |       |    11 |       ||    11
 Armour: Scale mail        |    71 |   142 |   218 |   663 |   606 ||  1700
         Chain mail        |       |       |   309 |   132 |       ||   441
         Skin              |       |       |       |       |     6 ||     6
  Dodge: Dodged            |    63 |    95 |   146 |   242 |   215 ||   761
  Block: Buckler           |    24 |    31 |       |       |       ||    55
         Tower shield      |       |       |   774 |  1549 |  1213 ||  3536

Table legend: (Time is in decaauts)
 A = Elapsed time spent in this place.
 B = Non-inter-level travel time spent in this place.
 C = Inter-level travel time spent in this place.
 D = Time resting spent in this place.
 E = Time spent auto-exploring this place.
 F = Levels seen in this place.
 G = Mean time per level.
                   A        B        C        D        E       F      G
               +--------+--------+--------+--------+--------+-----+--------+
         Total |  15871 |  15305 |    566 |   1409 |   9057 |  16 |  991.9 |
       Dungeon |  11154 |  10693 |    461 |   1353 |   6291 |  10 | 1115.4 |
        Temple |     21 |      2 |     19 |      0 |      0 |   1 |   21.0 |
          Lair |   4407 |   4321 |     86 |      5 |   2675 |   4 | 1101.8 |
       Volcano |    288 |    288 |      0 |     51 |     91 |   1 |  288.0 |
               +--------+--------+--------+--------+--------+-----+--------+

Top non-repeatable levels by time:
  Lair:3: 1469 daAuts
     D:6: 1420 daAuts
     D:4: 1385 daAuts
    D:10: 1335 daAuts
     D:5: 1277 daAuts
  Lair:2: 1251 daAuts
     D:8: 1176 daAuts
     D:3: 1129 daAuts
     D:1: 934 daAuts
     D:9: 894 daAuts
  Lair:1: 884 daAuts
     D:7: 836 daAuts
  Lair:4: 802 daAuts
     D:2: 764 daAuts
 Volcano: 288 daAuts
